 Dungeon Crawl Stone Soup version 0.19.1 (webtiles) character file.

123 Peloso the Covered (level 5, -1/36 HPs)
             Began as a Halfling Fighter on Dec 11, 2016.
             Slain by Peloso's ghost (8 damage)
             ... on level 3 of the Dungeon.
             The game lasted 00:03:48 (1584 turns).

Peloso the Covered (Halfling Fighter)               Turns: 1584, Time: 00:03:49

Health: -1/36      AC:  8    Str: 23    XL:     5   Next: 28%
Magic:  5/5        EV:  9    Int:  6    God:
Gold:   63         SH: 10    Dex: 14    Spells: 0 memorised, 4 levels left

rFire  . . .     SeeInvis .     a - +0 long sword
rCold  . . .     Gourm    .     b - +0 scale mail
rNeg   . . .     Faith    .     c - +0 shield
rPois  .         Spirit   .     (no helmet)
rElec  .         Reflect  .     (no cloak)
rCorr  .         Harm     .     (no gloves)
MR     .....                    p - +0 pair of boots
Stlth  ..........               (no amulet)
                                (no ring)
                                (no ring)

@: mighty
A: mutation resistance 1
a: no special abilities


You were on level 3 of the Dungeon.
You were not hungry.

You visited 1 branch of the dungeon, and saw 3 of its levels.

You collected 63 gold pieces.

Inventory:

Hand Weapons
 a - a +0 long sword (weapon)
Armour
 b - a +0 scale mail (worn)
 c - a +0 shield (worn)
 p - a +0 pair of boots (worn)
Scrolls
 j - a scroll of amnesia {unknown}
 l - 4 scrolls of enchant weapon {unknown}
 n - a scroll of recharging {unknown}
 r - a scroll of identify {unknown}
Potions
 e - 2 potions of brilliance
 h - a potion of invisibility {unknown}
 i - 2 potions of curing {unknown}
 k - a potion of magic {unknown}
 m - a potion of ambrosia {unknown}
Comestibles
 f - 2 bread rations
 q - 2 meat rations
 s - a beef jerky


   Skills:
 + Level 3.1 Fighting
 + Level 3.3 Long Blades
 + Level 4.3 Armour
 + Level 0.4 Dodging
 + Level 4.0 Shields


You had 4 spell levels left.
You didn't know any spells.

Dungeon Overview and Level Annotations

Branches:
Dungeon (3/15)

Altars:

Annotations:
D:3 Peloso's ghost, amateur MiFi


Innate Abilities, Weirdness & Mutations

You are small and have problems with some larger weapons.
You are somewhat resistant to further mutation.


Message History

Peloso's ghost is moderately damaged.
A hound skeleton comes into view.
You hit Peloso's ghost but do no damage.
Peloso's ghost is moderately damaged.
Peloso's ghost hits you.
You feel very mighty all of a sudden.
Peloso's ghost whispers, "The ORB doesn't exist."
Peloso's ghost hits you!
You slash Peloso's ghost!
Peloso's ghost is severely damaged.
Peloso's ghost closely misses you.
Peloso's ghost hits you but does no damage.
You hit Peloso's ghost.
Peloso's ghost is severely damaged.
Peloso's ghost hits you.
* * * LOW HITPOINT WARNING * * *
You slash Peloso's ghost!
Peloso's ghost is almost destroyed.
Peloso's ghost hits you!
You die...

...# ###.#####
#....)).#
###.#(###.#
#...)..##.# .
#.#.#<.##.# ...
#.#.#))##.#
#....###.#.#..##.#
#..KKW@.........#
#..#########.####
#.# #.# #.# #.#


You could see Peloso's ghost and 2 kobolds.

Vanquished Creatures
  An orc priest (D:2)
  4 adders (D:2)
  A worm (D:2)
  2 dart slugs
  A leopard gecko (D:2)
  4 orcs (D:3)
  4 giant cockroaches (D:2)
  2 goblins
  4 hobgoblins
  5 jackals (D:2)
  7 kobolds
  2 bats
  2 frilled lizards
  7 rats
46 creatures vanquished.

Notes
Turn   | Place    | Note
-------+----------+-------------------------------------------
     0 | D:1      | Peloso the Halfling Fighter began the quest for the Orb.
     0 | D:1      | Reached XP level 1. HP: 15/15 MP: 1/1
   123 | D:1      | Reached XP level 2. HP: 12/20 MP: 2/2
   651 | D:2      | Reached XP level 3. HP: 20/25 MP: 3/3
  1119 | D:2      | Reached XP level 4. HP: 29/30 MP: 4/4
  1254 | D:2      | Found a faded altar of an unknown god.
  1403 | D:2      | Reached XP level 5. HP: 20/36 MP: 5/5
  1556 | D:3      | Noticed Peloso's ghost (amateur MiFi)
  1584 | D:3      | Slain by Peloso's ghost

Skill      XL: |  1  2  3  4  5 |
---------------+----------------+-----
Long Blades    | 3 |  3.3
Fighting       | 3 |  3.1
Armour         | 4 |  4.3
Shields        | 4 |  4.0
Dodging        | |  0.4

Action                   |  1- 3 |  4- 6 || total
-------------------------+-------+-------++-------
Melee: Long sword        |    85 |    83 ||   168
  Use: Potion            |     2 |     1 ||     3
  Eat: Chunk             |     1 |     2 ||     3
Armor: Scale mail        |    37 |    39 ||    76
Dodge: Dodged            |    27 |    29 ||    56
Block: Shield            |    75 |    44 ||   119
       Rpst.: Long sword |    10 |    10 ||    20
